AoeStats
← Leão

Arabia

507153410Analyzed
1v1 RM · 16d ago on Sep 16, 2026· 45m 10s· 2 players
Game mode
Random Map
Map size
Tiny (2 player)
Population
200
Speed
Normal
Resources
Standard
Victory
Conquest
Starting age
Dark Age
Ending age
Imperial Age
RankedLock teamsTeams togetherTeam positionsShared explorationLock speedFull tech treeHidden civsTurbo modeCheats
Victory
Defeat
🇧🇷 Magyars · Brazil
1233
+17
🇮🇳 Vietnamese · India
1254
-17
Leão
6:28 Loom
6:33 Loom
9:42 Feudal Age
10:36 Double-Bit Axe
15:48 Fletching
22:15 Castle Age
20:28 Scale Barding Armor
20:38 Gold Mining
21:10 Bloodlines
23:06 Husbandry
23:12 Bodkin Arrow
24:47 Padded Archer Armor
27:57 Light Cavalry
28:59 Horse Collar
29:44 Leather Archer Armor
30:18 Bow Saw
30:49 Wheelbarrow
34:57 Chain Barding Armor
35:34 Thumb Ring
36:06 Heavy Plow
35:59 Stone Mining
36:44 Gold Shaft Mining
36:23 Town Watch
36:53 Hand Cart
41:32 Imperial Age
40:19 Corvinian Army
41:35 Cavalier
42:52 Plate Barding Armor
42:19 Bracer
42:44 Conscription
43:49 Two-Man Saw
CuteBunny
5:21 Loom
7:04 Loom
9:54 Feudal Age
10:39 Double-Bit Axe
17:21 Fletching
21:40 Castle Age
20:07 Scale Mail Armor
20:43 Horse Collar
25:11 Bow Saw
25:06 Squires
25:14 Gold Mining
27:12 Elite Skirmisher
31:42 Wheelbarrow
32:12 Padded Archer Armor
40:04 Imperial Age
39:24 Ballistics
39:44 Pikeman
40:50 Town Watch
41:21 Hand Cart
42:13 Chemistry
42:26 Chain Mail Armor
42:25 Heavy Plow
43:06 Bodkin Arrow
43:57 Bracer
44:53 Plate Mail Armor
Connection lost

Rejoining the realm…

Still unreachable

The connection could not be restored.

Session expired

The server has moved on; the page needs a fresh start.